 Dungeon Crawl Stone Soup version 0.24-a0-441-g27f0392e16 (webtiles) character file.

Game seed: 656123197025918764

113059 Gargoyl the Cleaver (level 16, -4/135 HPs)
             Began as a Centaur Abyssal Knight on June 18, 2019.
             Was a High Priest of Lugonu.
             Slain by a balrug
             ... wielding a +1 vampiric demon whip
              (13 damage)
             ... on level 2 of the Abyss on June 19, 2019.
             The game lasted 00:56:15 (40078 turns).

Gargoyl the Cleaver (Centaur Abyssal Knight)       Turns: 40078, Time: 00:56:16

Health: -4/135     AC: 27    Str: 19      XL:     16   Next: 13%
Magic:  21/25      EV:  7    Int:  9 (11) God:    Lugonu [*****.]
Gold:   3121       SH:  8    Dex: 11 (12) Spells: 15/15 levels left

rFire    + . .     SeeInvis .   a - +7 broad axe "Wuhossot" {chop, +Rage rC+ Dex+2 Stlth-}
rCold    + + +     Gourm    .   F - +3 buckler
rNeg     . . .     Faith    .   B - +0 plate armour
rPois    +         Spirit   .   L - +2 hat {MR+}
rElec    +         Reflect  .   l - +2 cloak {rC+}
rCorr    +         Harm     .   b - +0 pair of gloves
MR       ++...                  s - +1 centaur barding {Fly}
Stlth    ..........             h - amulet of the acrobat
HPRegen  0.00/turn              T - ring of poison resistance
MPRegen  0.19/turn              x - +4 ring of slaying

@: resistant, flying, very quick
A: large, hooves 3, repulsion field 1, deformed body, [deterioration 2], speed
2, [inhibited regeneration], strong 1, tough skin 3, [weak 2]
a: Depart the Abyss, Bend Space, Banish, Corrupt, Enter the Abyss, Renounce
Religion, Evoke Berserk Rage, Stop Flying


You were on level 2 of the Abyss.
You worshipped Lugonu.
Lugonu was extremely pleased with you.
You were not hungry.

You visited 4 branches of the dungeon, and saw 24 of its levels.
You visited the Abyss 2 times.
You also visited: Ice Cave.

You collected 3261 gold pieces.
You spent 140 gold pieces at shops.

Inventory:

Hand Weapons
 a - the +7 broad axe "Wuhossot" (weapon) {chop, +Rage rC+ Dex+2 Stlth-}
   (You found it on level 8 of the Dungeon)

   It inflicts extra damage upon your enemies.
   It affects your dexterity (+2).
   It protects you from cold.
   It lets you go berserk.
   It makes you less stealthy.
 t - a +6 hand axe
 u - a +3 shortbow
 C - the +10 falchion of Overwhelming Force {slice, rElec rPois}
   (You found it on level 9 of the Dungeon)

   It inflicts extra damage upon your enemies.
   It insulates you from electricity.
   It protects you from poison.
 U - a +0 broad axe
Missiles
 v - 589 arrows
 M - 7 javelins (quivered)
Armour
 b - a +0 pair of gloves (worn)
 l - a +2 cloak of cold resistance (worn)
 s - a +1 centaur barding of flying (worn)
 B - a +0 plate armour (worn)
 F - a +3 buckler (worn)
 L - a +2 hat of magic resistance (worn)
Jewellery
 g - an uncursed ring of protection from fire
 h - an amulet of the acrobat (around neck)
 x - a +4 ring of slaying (right hand)
 K - an uncursed amulet of regeneration
 R - an uncursed ring of protection from fire
 T - a ring of poison resistance (left hand)
 V - an uncursed ring of see invisible
Wands
 d - a wand of polymorph (7)
 y - a wand of paralysis (27)
 I - a wand of digging (12)
Scrolls
 j - 7 scrolls of identify
 k - 9 scrolls of remove curse
 m - 4 scrolls of teleportation
 o - 3 scrolls of blinking
 E - 3 scrolls of magic mapping
 G - 3 scrolls of fear
 N - 2 scrolls of summoning
Potions
 e - 2 potions of heal wounds
 f - 3 potions of flight
 n - 9 potions of curing
 p - 2 potions of magic
 r - 4 potions of brilliance
 z - 2 potions of ambrosia
 J - 3 potions of haste
 O - 3 potions of might
 Q - 2 potions of agility
 X - a potion of mutation
 Y - a potion of cancellation
Miscellaneous
 i - a phantom mirror
 H - a sack of spiders
 S - a lightning rod (4/4)
Comestibles
 c - 33 rations
 q - a chunk of flesh


   Skills:
 + Level 10.5 Fighting
 + Level 14.4 Axes
   Level 1.3(9.7) Maces & Flails
 + Level 1.2 Bows
 + Level 1.3 Throwing
 * Level 11.0 Armour
 * Level 9.4 Dodging
 + Level 4.5 Shields
 * Level 13.0 Invocations
 + Level 1.5 Evocations


You had 15 spell levels left.
You didn't know any spells.
Your spell library contained the following spells:

 Spells                   Type           Power        Failure   Level  Hunger
 Animate Skeleton         Necr           N/A          100%        1    ##.....
 Apportation              Tloc           #.....       100%        1    ##.....
 Beastly Appendage        Tmut           #.....       100%        1    ##.....
 Confusing Touch          Hex            #.....       100%        1    ##.....
 Freeze                   Ice            #...         100%        1    ##.....
 Magic Dart               Conj           #...         100%        1    ##.....
 Summon Butterflies       Summ           #.......     100%        1    ##.....
 Summon Small Mammal      Summ           #...         100%        1    ##.....
 Poisonous Vapours        Pois/Air       #.....       100%        2    ###....
 Searing Ray              Conj           #.....       100%        2    ###....
 Sticks to Snakes         Tmut           #.......     100%        2    ###....
 Throw Frost              Conj/Ice       #.....       100%        2    ###....
 Conjure Flame            Conj/Fire      #.......     100%        3    ####...
 Dazzling Spray           Conj/Hex       #.....       100%        3    ####...
 Gell's Gravitas          Tloc           #.........   100%        3    ####...
 Lesser Beckoning         Tloc           #.........   100%        3    ####...
 Mephitic Cloud           Conj/Pois/Air  #.......     100%        3    ####...
 Ozocubu's Armour         Chrm/Ice       #.......     100%        3    ####...
 Portal Projectile        Hex/Tloc       #.....       100%        3    ####...
 Spider Form              Tmut/Pois      #.........   100%        3    ####...
 Tukima's Dance           Hex            #.......     100%        3    ####...
 Cause Fear               Hex            #.........   100%        4    #####..
 Force Lance              Conj/Tloc      #.......     100%        4    #####..
 Fulminant Prism          Conj/Hex       #.........   100%        4    #####..
 Ice Form                 Ice/Tmut       #.......     100%        4    #####..
 Iskenderun's Mystic Bla  Conj           #.......     100%        4    #####..
 Summon Ice Beast         Ice/Summ       #.......     100%        4    #####..
 Throw Icicle             Conj/Ice       #.......     100%        4    #####..
 Alistair's Intoxication  Tmut/Pois      #.......     100%        5    ######.
 Blade Hands              Tmut           #.........   100%        5    ######.
 Silence                  Hex/Air        #.........   100%        5    ######.
 Yara's Violent Unravell  Hex/Tmut       #.........   100%        5    ######.
 Deflect Missiles         Chrm/Air       #.........   100%        6    #######
 Dispersal                Tloc           #.........   100%        6    #######
 Freezing Cloud           Conj/Ice/Air   #.........   100%        6    #######
 Invisibility             Hex            #.......     100%        6    #######
 Ring of Flames           Chrm/Fire      #.........   100%        7    #######
 Controlled Blink         Tloc           N/A          100%        8    #######
 Discord                  Hex            #.........   100%        8    #######
 Disjunction              Tloc           #.........   100%        8    #######


Dungeon Overview and Level Annotations

Branches:
Dungeon (15/15)            Temple (0/1) D:6            Lair (6/6) D:8
  Swamp (1/4) Lair:4        Snake (0/4) Lair:4        Slime (0/5) Lair:5
    Orc (2/2) D:10            Elf (0/3) Orc:2        Vaults (0/5) D:14
 Depths (0/5) D:15

Altars:
Ashenzari
Elyvilon
Fedhas
Gozag
Qazlal
Sif Muna
Trog
Uskayaw
Xom
Yredelemnul
Zin
Beogh
Jiyva

Shops:
Orc:2 }=!

Portals:
Trove: D:12 (give +6 demon whip)


Innate Abilities, Weirdness & Mutations

You have hooves in place of feet.
Armour fits poorly on your strangely shaped body.
You cover ground very quickly.
You have extremely tough skin. (AC +3)
You are surrounded by a mild repulsion field. (EV +2)
Your muscles are strong. (Str +2)
[Your body often deteriorates upon taking damage.]
[You do not regenerate when monsters are visible.]
[You are very weak. (Str -4)]


Message History

The balrug gestures at you. Something smites you!
* * * LOW HITPOINT WARNING * * *
You feel much better. The balrug gestures at you.
The fireball explodes!
The fireball engulfs you!! You resist.
* * * LOW HITPOINT WARNING * * *
Your body deteriorates!
You feel dopey.
The fireball engulfs the balrug.
The balrug completely resists.
You hear a horrible gurgling sound!
Okay, then.
Press: ? - help, Shift-Dir - straight line, f - balrug
Aim: a balrug, wielding a +1 vampiric demon whip (flame, lava, moderately wounded, chance to defeat MR: 0%)
The balrug resists with almost no effort.
You feel somewhat more hungry. The balrug gestures at you.
Something smites you!
* * * LOW HITPOINT WARNING * * *
The balrug hits you with a +1 vampiric demon whip!
You die...

..
..
.#
°#
≈#
#≈
#≈##
#@#
##2#
°.+
..+
..+
###


You could see a balrug.

Vanquished Creatures
  Rupert (Lair:6)
  Gastronok (Lair:2)
  A tentacled starspawn (Abyss:2)
  A frost giant (IceCv)
  2 fire dragons
  8 vault guards
  Fannar (Lair:1)
  2 ice dragons (D:15)
  Harold (D:11)
  2 centaur warriors (D:13)
  Erica (D:10)
  2 death knights
  5 two-headed ogres
  2 tengu warriors
  3 death yaks
  An ogre mage (D:13)
  9 orc high priests (Orc:2)
  Urug (Lair:5)
  4 skeletal warriors (D:14)
  An anaconda zombie (Abyss:2)
  A fire crab (D:13)
  2 unseen horrors
  A swamp dragon (Lair:6)
  A lindwurm (Lair:5)
  The ghost of hitsuchi the Destroyer, a novice DrCj of Vehumet (D:7)
  An orc knight (Orc:1)
  An oklob plant (Lair:6)
  An orc sorcerer (Orc:1)
  5 manticores
  9 ugly things
  A deep elf mage (D:13)
  3 cyclopes
  A smoke demon (Abyss:2)
  8 black mambas
  4 orange demons (D:14)
  4 centaur skeletons
  An ice statue (IceCv)
  12 spiny frogs
  A gargoyle (D:13)
  3 kobold demonologists
  12 rime drakes
  A large abomination (Abyss:2)
  6 komodo dragons
  A yaktaur (D:13)
  A komodo dragon (shapeshifter) (D:12)
  A hellwing (Abyss:2)
  23 polar bears
  A queen bee (D:9)
  5 trolls
  2 tengu conjurers
  3 hornets
  2 tyrant leeches (Swamp:1)
  4 raiju
  6 slime creatures
  A meliai zombie (D:13)
  4 blink frogs (Lair:5)
  2 bog bodies
  Grinder (D:3)
  5 dream sheep (Lair:6)
  5 hippogriffs
  A tarantella (shapeshifter) (D:13)
  41 yaks
  5 basilisks
  A ynoxinul (Abyss:2)
  8 wraiths
  2 vampires
  A steam dragon (shapeshifter) (D:15)
  Grum (D:9)
  3 fire bats (Abyss:2)
  2 hungry ghosts
  A small abomination (Abyss:2)
  12 steam dragons
  4 vampire mosquitoes (D:14)
  Menkaure (D:5)
  13 wargs
  2 soldier ants
  4 acid dragons
  12 hell hounds (Lair:6)
  3 nagas (Lair:4)
  8 water moccasins
  7 porcupines
  16 orc warriors
  2 swamp drakes (Lair:6)
  12 black bears
  3 sky beasts
  An eye of draining (D:9)
  6 ice beasts
  A necrophage (D:10)
  10 ogres
  37 wolves
  21 centaurs
  11 crocodiles
  Blork the orc (D:8)
  5 big kobolds
  16 bullfrogs
  A wyvern zombie (D:13)
  6 scorpions
  15 killer bees (D:9)
  An electric eel (D:8)
  3 wights (D:7)
  4 howler monkeys
  5 crimson imps
  6 centaur zombies
  4 bullfrog zombies
  2 quasits
  5 jellies
  30 orc priests
  Crazy Yiuf (D:2)
  4 bullfrog skeletons
  11 hounds
  13 orc wizards
  7 iguanas
  8 worker ants
  A killer bee zombie (D:9)
  A hound skeleton (D:11)
  A worker ant zombie (D:7)
  Robin (D:3)
  4 gnolls
  10 adders
  3 shadow imps
  An ufetubus (Abyss:1)
  An ooze (D:2)
  A worm (D:2)
  3 dart slugs
  A leopard gecko (D:6)
  76 orcs
  5 ball pythons
  6 bats
  7 giant cockroaches
  17 goblins
  4 hobgoblins
  4 jackals (D:2)
  25 kobolds
  2 quokkas (D:5)
  4 frilled lizards
  A jackal skeleton (D:7)
  A jackal zombie (D:5)
  A quokka skeleton (D:4)
  11 rats
  A fungus (Lair:5)
  2 plants (Lair:6)
791 creatures vanquished.

Vanquished Creatures (others)
  4 hydras
  2 oklob plants (Lair:6)
  An ugly thing (D:10)
  3 meliai (D:14)
  A raiju (Lair:6)
  A naga (Lair:3)
  An electric eel (D:8)
  A bush (D:5)
  4 fungi
  23 plants
  7 starspawn tentacles (Abyss:2)
48 creatures vanquished.

Grand Total: 839 creatures vanquished

Notes
Turn   | Place    | Note
-------+----------+-------------------------------------------
     0 | Abyss:1  | Gargoyl the Centaur Abyssal Knight began the quest for the
                  | Orb.
     0 | Abyss:1  | Reached XP level 1. HP: 19/19 MP: 2/2
    71 | Abyss:1  | Noticed a small abomination
    94 | Abyss:1  | Noticed an ancient zyme
    96 | Abyss:1  | Noticed a tentacled starspawn
    98 | D:1      | Escaped the Abyss
   171 | D:1      | Reached * piety under Lugonu
   178 | D:1      | Reached XP level 2. HP: 23/26 MP: 3/3
   401 | D:1      | Reached skill level 2 in Axes
   407 | D:1      | Reached skill level 1 in Dodging
   407 | D:1      | Reached XP level 3. HP: 30/31 MP: 4/4
   523 | D:1      | You fall into a shaft and drop 1 floor!
  1381 | D:2      | Found a basalt altar of Yredelemnul.
  1436 | D:2      | Reached XP level 4. HP: 33/40 MP: 5/5
  1577 | D:2      | Reached ** piety under Lugonu
  2043 | D:2      | Found a runed translucent door.
  2044 | D:2      | Noticed Crazy Yiuf
  2151 | D:2      | Killed Crazy Yiuf
  2373 | D:3      | Reached XP level 5. HP: 42/46 MP: 7/7
  2431 | D:3      | Noticed Robin
  2994 | D:3      | Killed Robin
  3095 | D:3      | Noticed Grinder
  3105 | D:3      | Paralysed by Grinder for 3 turns
  3111 | D:3      | Killed Grinder
  3111 | D:3      | Reached skill level 3 in Axes
  3111 | D:3      | Reached XP level 6. HP: 40/52 MP: 8/8
  3666 | D:3      | Found a glowing silver altar of Zin.
  4210 | D:4      | Found a white marble altar of Elyvilon.
  4785 | D:5      | Entered Level 5 of the Dungeon
  4794 | D:5      | Noticed Menkaure
  4813 | D:5      | Found a blossoming altar of Fedhas.
  4826 | D:6      | Reached *** piety under Lugonu
  4826 | D:6      | Reached XP level 7. HP: 37/59 MP: 9/9
  4962 | D:6      | Found a shattered altar of Ashenzari.
  4991 | D:6      | Reached skill level 4 in Axes
  5811 | D:5      | Reached XP level 8. HP: 35/67 MP: 11/11
  6692 | D:5      | Killed Menkaure
  7147 | D:6      | Found a staircase to the Ecumenical Temple.
  7151 | D:6      | Found a hide-covered altar of Uskayaw.
  7458 | D:6      | Reached skill level 5 in Axes
  7743 | D:7      | Reached skill level 1 in Bows
  8153 | D:7      | Found a transporter.
  8153 | D:7      | Noticed hitsuchi's ghost (novice DrCj)
  8157 | D:7      | Found a transporter.
  8171 | D:7      | Identified the +5 dire flail "Zaidgheinn" {freeze, rPois
                  | rF- rN+++ Str+2}
  8546 | D:7      | Reached skill level 5 in Fighting
  8598 | D:7      | Reached skill level 5 in Invocations
  8741 | D:7      | Reached XP level 9. HP: 70/74 MP: 12/12
  9122 | D:7      | Killed hitsuchi's ghost
  9122 | D:7      | Reached skill level 6 in Axes
  9122 | D:7      | Reached skill level 5 in Armour
  9132 | D:7      | Reached **** piety under Lugonu
  9425 | D:8      | Noticed a two-headed ogre
  9438 | D:8      | Killed a two-headed ogre
  9438 | D:8      | Reached skill level 1 in Throwing
  9493 | D:7      | Reached skill level 1 in Evocations
  9789 | D:8      | Reached skill level 1 in Maces & Flails
  9817 | D:8      | Got a polished broad axe
  9830 | D:7      | Identified the +7 broad axe "Wuhossot" {chop, +Rage rC+
                  | Dex+2 Stlth-} (You found it on level 8 of the Dungeon)
  9917 | D:8      | Found a bloodstained altar of Trog.
  9945 | D:8      | Found a staircase to the Lair.
 10100 | D:8      | Noticed a troll
 10385 | D:8      | Killed a troll
 10385 | D:8      | Reached XP level 10. HP: 45/81 MP: 14/14
 10681 | D:8      | Noticed Blork the orc
 10689 | D:8      | Found a deep blue altar of Sif Muna.
 10700 | D:8      | Killed Blork the orc
 10799 | D:8      | Found an opulent altar of Gozag.
 11092 | Lair:1   | Entered Level 1 of the Lair of Beasts
 11096 | Lair:1   | Reached skill level 7 in Axes
 11113 | Lair:1   | Noticed a six-headed hydra
 11386 | D:9      | Got an ancient falchion
 11393 | D:9      | Identified the +10 falchion of Overwhelming Force {slice,
                  | rElec rPois} (You found it on level 9 of the Dungeon)
 11408 | D:9      | Noticed Grum
 11419 | D:9      | Killed Grum
 11746 | D:9      | Found a deep blue altar of Sif Muna.
 11763 | D:9      | Found a stormy altar of Qazlal.
 12295 | D:9      | Reached skill level 8 in Axes
 12334 | D:9      | Reached ***** piety under Lugonu
 12706 | D:10     | Entered Level 10 of the Dungeon
 12750 | D:10     | Reached skill level 5 in Dodging
 12788 | D:10     | Noticed a red ugly thing
 12807 | D:10     | Banished a red ugly thing
 13108 | D:10     | Identified a scroll of acquirement
 13373 | D:10     | Found a staircase to the Orcish Mines.
 13406 | D:10     | Found a roughly hewn altar of Beogh.
 13659 | D:10     | Found a stormy altar of Qazlal.
 13976 | D:10     | Noticed Erica
 13982 | D:10     | Killed Erica
 13982 | D:10     | Reached XP level 11. HP: 71/90 MP: 16/16
 14481 | D:8      | Banished a seven-headed hydra
 14513 | Lair:1   | Reached skill level 1 in Shields
 14521 | Lair:1   | Reached skill level 9 in Axes
 14690 | Lair:1   | Noticed Fannar
 14713 | Lair:1   | Killed Fannar
 15362 | Lair:1   | You are sucked into a shaft and drop 1 floor!
 15715 | Lair:2   | Noticed Gastronok
 15731 | Lair:2   | Killed Gastronok
 16399 | Lair:2   | Reached skill level 10 in Axes
 17276 | Lair:3   | Found a shimmering altar of Xom.
 17650 | Lair:3   | Noticed a death yak
 17651 | Lair:3   | Noticed a death yak
 17651 | Lair:3   | Noticed a death yak
 17652 | Lair:3   | Noticed a death yak
 17679 | Lair:2   | Killed a death yak
 17679 | Lair:2   | Reached XP level 12. HP: 65/100 MP: 18/18
 18661 | Lair:3   | Killed a death yak
 18772 | Lair:2   | Killed a death yak
 18966 | Lair:4   | Found a staircase to the Swamp.
 19124 | Lair:3   | Upgraded the game from 0.24-a0-439-g6dd8730de2 to
                  | 0.24-a0-441-g27f0392e16
 19134 | Lair:4   | Noticed a four-headed hydra
 19620 | Lair:4   | Banished a four-headed hydra
 19676 | Lair:4   | Noticed an eight-headed hydra
 19678 | Lair:4   | Banished an eight-headed hydra
 20640 | Lair:4   | Found a staircase to the Snake Pit.
 21001 | Lair:5   | Noticed an eight-headed hydra
 21007 | Lair:5   | Banished an eight-headed hydra
 21296 | Lair:5   | Got a polished centaur barding
 21307 | Lair:5   | Identified the +1 centaur barding of Serendipity {-Cast
                  | +Inv Str-4 Dex+8} (You acquired it on level 5 of the Lair
                  | of Beasts)
 22158 | Lair:4   | Reached skill level 11 in Axes
 22394 | Lair:5   | Reached XP level 13. HP: 66/107 MP: 20/20
 22566 | Lair:5   | Noticed a fire dragon
 22575 | Lair:5   | Killed a fire dragon
 23134 | Lair:5   | Noticed Urug
 23144 | Lair:5   | Killed Urug
 23519 | Lair:5   | Found a viscous altar of Jiyva.
 23521 | Lair:5   | Found a staircase to the Slime Pits.
 23819 | Lair:6   | Entered Level 6 of the Lair of Beasts
 23954 | Lair:6   | Reached skill level 10 in Invocations
 26249 | Lair:6   | Reached skill level 12 in Axes
 27027 | Lair:6   | Noticed Rupert
 27061 | Lair:6   | Killed Rupert
 27061 | Lair:6   | Reached XP level 14. HP: 66/116 MP: 22/22
 29542 | D:11     | Noticed Harold
 29549 | D:11     | Killed Harold
 30139 | D:12     | Found a portal to a secret trove of treasure.
 30368 | D:12     | Found a shimmering altar of Xom.
 31867 | D:13     | Reached skill level 10 in Armour
 32178 | D:13     | Reached skill level 13 in Axes
 33136 | D:14     | Found a gate to the Vaults.
 33153 | D:14     | Reached XP level 15. HP: 70/125 MP: 23/23
 34200 | D:15     | Entered Level 15 of the Dungeon
 34320 | D:15     | Found a frozen archway.
 34329 | IceCv    | Entered an ice cave
 35016 | IceCv    | Noticed a frost giant
 35038 | IceCv    | Killed a frost giant
 35038 | IceCv    | Reached skill level 10 in Fighting
 35578 | IceCv    | Gained mutation: Scrolls take you a little longer to read.
                  | [potion of mutation]
 35578 | IceCv    | Gained mutation: You can translocate small distances at
                  | will. [potion of mutation]
 35578 | IceCv    | Gained mutation: You are somewhat resistant to further
                  | mutation. [potion of mutation]
 35579 | IceCv    | Lost mutation: Scrolls take you a little longer to read.
                  | [potion of mutation]
 35579 | IceCv    | Lost mutation: You can translocate small distances at will.
                  | [potion of mutation]
 35579 | IceCv    | Lost mutation: You are somewhat resistant to further
                  | mutation. [potion of mutation]
 35579 | IceCv    | Gained mutation: Your muscles are strong. (Str +2) [potion
                  | of mutation]
 35579 | IceCv    | Gained mutation: You are surrounded by a mild repulsion
                  | field. (EV +2) [potion of mutation]
 36294 | D:15     | Reached ****** piety under Lugonu
 36446 | D:15     | Found a staircase to the Depths.
 37156 | Orc:1    | Entered Level 1 of the Orcish Mines
 37386 | Orc:2    | Entered Level 2 of the Orcish Mines
 37425 | Orc:1    | Reached skill level 14 in Axes
 37871 | Orc:2    | Found a staircase to the Elven Halls.
 38836 | Orc:2    | Found a roughly hewn altar of Beogh.
 38863 | Orc:2    | Found Ynue's Jewellery Boutique.
 38863 | Orc:2    | Found Baoto's Gadget Shoppe.
 39196 | Orc:2    | Found Duabim's Antique Armour Boutique.
 39196 | Orc:2    | Found Zunawi's Distillery.
 39208 | Orc:2    | Bought a potion of heal wounds for 70 gold pieces
 39208 | Orc:2    | Bought a potion of heal wounds for 70 gold pieces
 39447 | Swamp:1  | Entered Level 1 of the Swamp
 39471 | Swamp:1  | Reached XP level 16. HP: 72/135 MP: 25/25
 39747 | Swamp:1  | Noticed a thorn hunter
 39839 | Abyss:1  | Noticed a bone dragon
 39871 | Abyss:2  | Noticed a tentacled starspawn
 39889 | Abyss:2  | Killed a tentacled starspawn
 40039 | Abyss:2  | Noticed a tentacled starspawn
 40072 | Abyss:2  | HP: 1/135 [balrug/bolt of fire (29)]
 40078 | Abyss:2  | Slain by a balrug

Levels and vault maps discovered:
D:1:      scummos_arrival_gate, layout_loops_ring
D:2:      layout_loops_ring, old_standard_altar, uniq_crazy_yiuf_cottage
D:3:      layout_basic, zin_statuary, uniq_robin, uniq_grinder
D:4:      layout_basic, elyvilon_altar_5
D:5:      layout_layer_cave, first_ration, fedhas_ov_isle_minmay, uniq_menkaure
D:6:      layout_cave_pods, cheibrodos_ashenzari_chains,
          minmay_temple_entry_drinking_statues, basic_altar,
          kennysheep_generic_room_10
D:7:      layout_basic, gammafunk_ghost_smash, grunt_ogre_cave
D:8:      layout_cave_pools, kennysheep_little_box, bloody_trog,
          erik_lair_island, tgw_sif
D:9:      layout_loops_cross, nicolae_overflow_hidden_temple, special_room
          [special_room_bee], basic_altar, grunt_decor_fettered,
          nicolae_two_hexagons, kennysheep_generic_room_6, uniq_grum
D:10:     minmay_tri_box, layout_basic, minmay_orc_entry_temple_small,
          nrook_campfire, hangedman_decor_growths, grunt_qazlal_clouds,
          uniq_erica
D:11:     layout_grid_maze, uniq_harold
D:12:     layout_basic, enter_trove_0, basic_altar
D:13:     layout_gridville, minmay_the_grid_square_5x5_3x3_mashed
          [minmay_the_grid_square_5x5_meh, minmay_the_grid_square_5x5_dogpile,
          minmay_the_grid_square_5x5_tri_point,
          minmay_the_grid_square_5x5_shrine2,
          minmay_the_grid_square_5x5_megaprize_diamond,
          minmay_the_grid_square_5x5_beaten_path,
          minmay_the_grid_square_5x5_shuriken,
          minmay_the_grid_square_5x5_inner_z, minmay_the_grid_square_5x5_c]
D:14:     layout_basic, erik_vaults_2, chequers_decorated_corner,
          einodemon_barbed_minivault
D:15:     grunt_enter_depths_hoard, layout_basic,
          portal_ice_cave_entry_pillars_1
Lair:1:   layout_cave_pods, serial_bayou_pond_c, lemuel_fruit_tree, uniq_fannar
Lair:2:   layout_cave_pods, infiniplex_staircase_pool_2, uniq_gastronok
Lair:3:   layout_chaotic_city, basic_altar
Lair:4:   layout_misc_corridors, skrybe_swamp_entry_bodies,
          minmay_snake_entry_guardpost_small
Lair:5:   layout_long_grid, slime_altar_1, bobbens_dragon_lair_wall, uniq_urug
Lair:6:   guppyfry_lair_end_dragon, layout_cave_pods,
          hangedman_lair_caniforms_friends, minmay_lair_oklob_chamber,
          infiniplex_staircase_pool, uniq_rupert
Swamp:1:  layout_basic_swamp, nicolae_swamp_fairy_circle, uniq_josephine
Orc:1:    layout_caves
Orc:2:    st_orc_town, layout_caves
Abyss:2

Skill      XL: |  1  2  3  4  5  6  7  8  9 10 11 12 13 14 15 16 |
---------------+-------------------------------------------------+-----
Axes           | 2 3 4 5 6 8 10 11 12 13 14 | 14.4
Dodging        | 1 2 3 4 5 6 7 8 9 |  9.4
Armour         | 2 3 4 6 7 8 9 10 11 | 11.0
Fighting       | 4 5 6 7 8 9 10 | 10.5
Invocations    | 3 4 5 6 7 8 9 10 11 12 13 | 13.0
Bows           | 1 |  1.2
Throwing       | 1 |  1.3
Evocations     | 1 |  1.5
Maces & Flails | 1 |  1.3
Shields        | 2 3 4 |  4.5

Action                   |  1- 3 |  4- 6 |  7- 9 | 10-12 | 13-15 | 16-18 || total
-------------------------+-------+-------+-------+-------+-------+-------++-------
Melee: Hand axe          |   115 |   156 |   166 |       |       |       ||   437
       Kick              |    15 |    28 |    62 |   127 |   337 |    25 ||   594
       War axe           |       |       |    54 |       |       |       ||    54
       Broad axe         |       |       |    32 |   500 |  1118 |    66 ||  1716
       Dire flail        |       |       |    32 |       |       |       ||    32
 Fire: Shortbow          |       |       |     4 |       |       |       ||     4
Throw: Boomerang         |       |       |    11 |     4 |       |       ||    15
       Javelin           |       |       |       |       |    12 |       ||    12
Invok: Depart the Abyss  |     1 |       |       |       |       |       ||     1
       Bend Space        |       |     1 |     1 |     3 |       |       ||     5
       Banish            |       |       |     1 |     8 |    14 |     5 ||    28
       Enter the Abyss   |       |       |       |       |       |     1 ||     1
 Abil: Evoke Berserk Rag |       |       |       |     4 |       |       ||     4
Evoke: Wand              |       |     1 |    10 |       |       |     1 ||    12
       Lightning rod     |       |       |       |       |     4 |       ||     4
  Use: Potion            |     1 |     2 |     3 |     3 |     7 |     7 ||    23
       Scroll            |     3 |     6 |     7 |    13 |    17 |     1 ||    47
 Stab: Paralysed         |       |     2 |    22 |       |       |       ||    24
       Sleeping          |       |     1 |       |       |       |       ||     1
  Eat: Chunk             |       |     6 |    11 |    17 |    27 |       ||    61
       Ration            |       |     1 |     2 |     6 |     8 |     1 ||    18
Armor: Leather armour    |    40 |       |       |       |       |       ||    40
       Ring mail         |    30 |    86 |    43 |       |       |       ||   159
       Skin              |       |     9 |       |   103 |       |       ||   112
       Chain mail        |       |       |   135 |   351 |    36 |       ||   522
       Plate armour      |       |       |       |       |   853 |    23 ||   876
Dodge: Dodged            |    53 |    71 |   103 |   221 |   462 |    17 ||   927
Block: Buckler           |       |     1 |    30 |   147 |   451 |    19 ||   648

Table legend:
 A = Non-vault XP
 B = Vault XP
 C = Vault XP percentage of total XP
 D = Non-vault monster count
 E = Vault monster count
 F = Vault count percentage of total count
                 A         B        C        D         E       F
            +---------+---------+-------+---------+---------+-------
      Total |   83427 |   78087 |  48.3 |     500 |     308 |  38.1
            +---------+---------+-------+---------+---------+-------
        D:1 |      62 |       0 |   0.0 |      29 |       0 |   0.0
        D:2 |      79 |      42 |  34.7 |      27 |       2 |   6.9
        D:3 |      68 |     279 |  80.4 |      16 |      11 |  40.7
        D:4 |     154 |       0 |   0.0 |       5 |       0 |   0.0
        D:5 |     330 |     175 |  34.7 |      12 |       1 |   7.7
        D:6 |     643 |     135 |  17.4 |      12 |       2 |  14.3
        D:7 |     663 |    1142 |  63.3 |      14 |       6 |  30.0
        D:8 |    2094 |     738 |  26.1 |      19 |       8 |  29.6
        D:9 |     738 |    1738 |  70.2 |      13 |      20 |  60.6
       D:10 |     716 |    2048 |  74.1 |      18 |      16 |  47.1
       D:11 |    4987 |     981 |  16.4 |      26 |       1 |   3.7
       D:12 |    4382 |    1558 |  26.2 |      31 |       4 |  11.4
       D:13 |    4794 |    8108 |  62.8 |      21 |      19 |  47.5
       D:14 |    9504 |    8911 |  48.4 |      40 |      15 |  27.3
       D:15 |   12085 |    2010 |  14.3 |      31 |       2 |   6.1
     Lair:1 |    3261 |    1002 |  23.5 |      20 |       1 |   4.8
     Lair:2 |    3711 |    2359 |  38.9 |      13 |       1 |   7.1
     Lair:3 |    5633 |     374 |   6.2 |      20 |       2 |   9.1
     Lair:4 |    2381 |    1099 |  31.6 |       8 |       5 |  38.5
     Lair:5 |    4081 |    7907 |  66.0 |      16 |      22 |  57.9
     Lair:6 |    7499 |   18951 |  71.6 |      28 |      77 |  73.3
    Swamp:1 |    2515 |       0 |   0.0 |       8 |       0 |   0.0
      Orc:1 |    3496 |     334 |   8.7 |      29 |       2 |   6.5
      Orc:2 |    1999 |    8988 |  81.8 |      25 |      55 |  68.8
    Abyss:1 |    2030 |       0 |   0.0 |       6 |       0 |   0.0
    Abyss:2 |    5522 |       0 |   0.0 |      13 |       0 |   0.0
      IceCv |       0 |    9208 | 100.0 |       0 |      36 | 100.0
            +---------+---------+-------+---------+---------+-------
